 Dungeon Crawl Stone Soup version 0.29-a0-559-g359e09b9d1 (webtiles) character file.

Game seed: 983144812886964595

23 Nedwor the Twirler (level 2, 25/26 HPs)
             Began as a Minotaur Gladiator on June 10, 2022.
             Was a Follower of Makhleb.
             Quit the game on level 1 of the Dungeon.
             The game lasted 00:00:47 (646 turns).

Nedwor the Twirler (Minotaur Gladiator)              Turns: 646, Time: 00:00:48

Health: 25/26      AC:  3    Str: 18    XL:     2   Next: 72%
Magic:  1/1        EV: 12    Int:  5    God:    Makhleb [*.....]
Gold:   65         SH:  0    Dex: 11    Spells: 1/1 levels left

rFire   . . .      SeeInvis +   a - +0 quarterstaff
rCold   . . .      Faith    .   (shield currently unavailable)
rNeg    . . .      Spirit   .   b - +0 leather armour
rPois   .          Reflect  .   c - +0 hat
rElec   .          Harm     .   (no cloak)
rCorr   .          Rampage  .   (no gloves)
Will    .....                   (no boots)
Stlth   +.........              (no amulet)
HPRegen 0.08/turn               h - ring of see invisible
MPRegen 0.07/turn               (no ring)

@: no status effects
A: horns 2, retaliatory headbutt
a: Renounce Religion


You were on level 1 of the Dungeon.
You worshipped Makhleb.
Makhleb was aware of your devotion.
You visited 1 branch of the dungeon, and saw 1 of its levels.

You collected 65 gold pieces.

Inventory:

Hand Weapons
 a - a +0 quarterstaff (weapon)
Missiles
 d - 3 throwing nets (quivered)
 e - 5 javelins
Armour
 b - a +0 leather armour (worn)
 c - a +0 hat (worn)
Jewellery
 h - a ring of see invisible (left hand)
Scrolls
 f - a scroll of vulnerability {unknown}
 g - a scroll of torment {unknown}
Potions
 i - a potion of brilliance {unknown}


   Skills:
 + Level 3.0 Fighting
 * Level 4.5 Staves
 - Level 2.0 Throwing
 - Level 3.2 Dodging


You had one spell level left.
You didn't know any spells.
Your spell library was empty.

Dungeon Overview and Level Annotations

Branches:
Dungeon (1/15)

Altars:
Makhleb


Innate Abilities, Weirdness & Mutations

You have a pair of horns on your head.
You reflexively headbutt those who attack you in melee.


Message History

You barely miss the quokka. The quokka misses you.
You hit the quokka. Your headbutt misses the quokka.
The quokka is almost dead.
The quokka bites you.
You barely miss the quokka. Your headbutt misses the quokka.
The quokka is almost dead.
The quokka closely misses you.
You hit the quokka.
You kill the quokka!
No target in view!
Search for what [? for help]? altar
There is a faded altar of an unknown god here.
You cannot tell which god this altar belongs to.
Convert to them anyway?
Okay, then.
You cannot tell which god this altar belongs to.
Convert to them anyway?
Makhleb accepts your prayer! Makhleb welcomes you!
You can now gain health from killing.
A dart slug comes into view.
The dart slug briefly extends its eye-stalks.
A dart slug is nearby!
A dart slug is nearby!
A dart slug is nearby!
You hit the dart slug. You headbutt the dart slug.
You kill the dart slug!
Makhleb accepts your kill.
No target in view!
No target in view!
You see here a dart slug corpse.
A frilled lizard comes into view.
A frilled lizard is nearby!
A frilled lizard is nearby!
A frilled lizard is nearby!
Found 11 gold pieces.
The frilled lizard closely misses you.
You closely miss the frilled lizard. The frilled lizard barely misses you.
You miss the frilled lizard.
Your headbutt misses the frilled lizard.
The frilled lizard bites you.
The frilled lizard bites you but does no damage.
Are you sure you want to abandon this character and quit the game? (Confirm with "yes".)

#######.#######.######.#.##.#
....# #.#............#.#.##.#
.##.###.#....#.#####.#.#.##.#
.##..##.#....#.# #.#.#.##†#
.###.##.##..##.### #.#.#.##.#
.###.#8(8#.......#
#.#.#.##.##
.#...##.##..##.#.#
#.#.#.....# ##....#.#...
#.#.# #.#.#######
#....#.#.####.#@# #.#.#
####..........#l# #.#.#
#..##.######.# #.#.# #..##.#
#.# #.#.# #.>##.# #.# #.#.#
#####.# #.# #†#.##### #.# ...
#.#.....# #.# #$# #.#####.###
#.# #.........#


You could see a frilled lizard.

Vanquished Creatures
  3 dart slugs (D:1)
  A ball python (D:1)
  2 bats (D:1)
  An endoplasm (D:1)
  A goblin (D:1)
  2 kobolds (D:1)
  3 quokkas (D:1)
  A frilled lizard (D:1)
  A rat (D:1)
15 creatures vanquished.

Notes
Turn   | Place    | Note
-------+----------+-------------------------------------------
     0 | D:1      | Nedwor the Minotaur Gladiator began the quest for the Orb.
     0 | D:1      | Reached XP level 1. HP: 18/18 MP: 0/0
   205 | D:1      | Reached skill level 4 in Staves
   263 | D:1      | Reached XP level 2. HP: 24/25 MP: 1/1
   343 | D:1      | Found a faded altar of an unknown god.
   500 | D:1      | Prayed at the altar of an unknown god.
   500 | D:1      | Became a worshipper of Makhleb the Destroyer
   500 | D:1      | Reached * piety under Makhleb
   646 | D:1      | Quit the game

Illustrated notes

Levels and vault maps discovered:
D:1:      lemuel_arrival_cross, layout_basic, ebering_ecumenical_altar_webs

Skill      XL: |  1  2 |
---------------+-------+-----
Staves         | 4 |  4.5
Fighting       | 3 |  3.0
Throwing       | |  2.0
Dodging        | |  3.2

Action                   || total
-------------------------++-------
Melee: Quarterstaff      ||    28
       Headbutt          ||     4
Armor: Leather armour    ||     9
Dodge: Dodged            ||    13

Table legend: (Time is in decaauts)
 A = Elapsed time spent in this place.
 B = Non-inter-level travel time spent in this place.
 C = Inter-level travel time spent in this place.
 D = Time resting spent in this place.
 E = Time spent auto-exploring this place.
 F = Levels seen in this place.
 G = Mean time per level.
                   A        B        C        D        E       F      G
               +--------+--------+--------+--------+--------+-----+--------+
         Total |    648 |    604 |     44 |      0 |    502 |   1 |  648.0 |
       Dungeon |    648 |    604 |     44 |      0 |    502 |   1 |  648.0 |
               +--------+--------+--------+--------+--------+-----+--------+

Top non-repeatable levels by time:
     D:1: 648 daAuts
